 Dungeon Crawl Stone Soup version 0.28.0-43-g3370ac3207 (webtiles) character file.

Game seed: 17306890327376141150

46 pkoi the Ruffian (level 3, 0/29 HPs)
             Began as a Demigod Gladiator on Mar 31, 2022.
             Slain by an adder (3 damage)
             ... on level 2 of the Dungeon.
             The game lasted 00:04:10 (3175 turns).

pkoi the Ruffian (Demigod Gladiator)                Turns: 3175, Time: 00:04:11

Health: 0/29       AC:  4    Str: 19    XL:     3   Next: 26%
Magic:  5/5        EV: 12    Int: 10    God:
Gold:   26         SH:  0    Dex: 15    Spells: 2/2 levels left

rFire   . . .      SeeInvis .     - Unarmed
rCold   + . .      Faith    .   (no shield)
rNeg    . . .      Spirit   .   a - +0 leather armour
rPois   .          Reflect  .   b - +0 helmet
rElec   .          Harm     .   (no cloak)
rCorr   .          Rampage  .   (no gloves)
Will    .....                   (no boots)
Stlth   +.........              (no amulet)
HPRegen 0.09/turn               h - ring of protection from cold
MPRegen 0.09/turn               (no ring)

@: no status effects
A: high MP 1, forlorn, divine attributes
a: no special abilities


You were on level 2 of the Dungeon.
You visited 1 branch of the dungeon, and saw 2 of its levels.

You collected 26 gold pieces.

Inventory:

Hand Weapons
 d - a +0 dagger
Missiles
 e - a throwing net (quivered)
Armour
 a - a +0 leather armour (worn)
 b - a +0 helmet (worn)
Jewellery
 h - a ring of protection from cold (left hand)
Scrolls
 f - a scroll of identify
Potions
 g - 2 potions of mutation


   Skills:
 - Level 1.7 Fighting
 - Level 1.7 Throwing
 - Level 3.1 Dodging
 + Level 0.9 Stealth
 * Level 3.6 Unarmed Combat


You had 2 spell levels left.
You didn't know any spells.
Your spell library was empty.

Dungeon Overview and Level Annotations

Branches:
Dungeon (2/15)


Innate Abilities, Weirdness & Mutations

You have an increased reservoir of magic. (+10% MP)
You shall have no god before yourself.
Your divine heritage dramatically boosts your attributes as you level up.


Message History

You feel sick. The adder bites you.
* * * LOW HITPOINT WARNING * * *
You are more poisoned.
The adder poisons you!
You closely miss the adder.
You feel sick. The adder bites you.
* * * LOW HITPOINT WARNING * * *
The adder bites you.
* * * LOW HITPOINT WARNING * * *
Throw: 2 darts (atropa)
Press: ? - help, Q - select action, (/) - cycle Shift-Dir - straight line, f/p - adder
Aim: an adder (38% to hit, chance to blind on hit: 100%)
You throw an atropa-tipped dart.
The atropa-tipped dart misses the adder.
You feel sick. The adder barely misses you.
Throw: dart (atropa)
Press: ? - help, Q - select action, (/) - cycle Shift-Dir - straight line, f/p - adder
Aim: an adder (38% to hit, chance to blind on hit: 100%)
You throw an atropa-tipped dart. The atropa-tipped dart hits the adder.
The adder appears confused.
You feel sick.
You feel sick.
The adder seems less confused.
You see here an atropa-tipped dart.
You feel sick.
c - an atropa-tipped dart You feel sick.
The adder barely misses you.
You feel sick.
The adder is no longer blind.
You feel sick.
You are no longer poisoned.
The adder closely misses you.
Throw: dart (atropa)
Press: ? - help, Q - select action, (/) - cycle Shift-Dir - straight line, f/p - adder
Aim: an adder (38% to hit, chance to blind on hit: 100%)
You throw an atropa-tipped dart.
The atropa-tipped dart barely misses the adder.
The adder closely misses you.
You barely miss the adder. The adder barely misses you.
The adder bites you but does no damage.
You barely miss the adder. The adder closely misses you.
You barely miss the adder. The adder bites you.
You die...

#####.....##.#..# ....#
##...............# ....#
#.....####.##.##.## ....##
#.....# #..#.##..####### .....#
#.._..# ##.#.#.......... .#.#.##
#(...S#####.#....##..##.. ......#
#...............####....#
.#.#..#####(########..#.## ##..##
.........(.....S@....>...## #..#
.#.#.###.#############....###..##
!....# #.# #..#........
.#.#..##.# #..#........
......##.# #....###..##
.####.##.# #...## #..# . ..#.#
#..## ##..## # ###.# #..####....#
#...##..##..


You could see an adder.

Vanquished Creatures
  An adder (D:2)
  A worm (D:2)
  2 dart slugs (D:1)
  2 ball pythons (D:1)
  A bat (D:1)
  4 endoplasms (D:1)
  A giant cockroach (D:1)
  4 goblins
  5 hobgoblins
  A kobold (D:1)
  2 frilled lizards (D:1)
  3 rats (D:1)
27 creatures vanquished.

Vanquished Creatures (others)
  5 plants (D:1)
5 creatures vanquished.

Grand Total: 32 creatures vanquished

Notes
Turn   | Place    | Note
-------+----------+-------------------------------------------
     0 | D:1      | pkoi the Demigod Gladiator began the quest for the Orb.
     0 | D:1      | Reached XP level 1. HP: 17/17 MP: 3/3
   586 | D:1      | Reached XP level 2. HP: 13/24 MP: 4/4
  2407 | D:2      | HP: 1/24 [poisoned by an adder]
  2413 | D:2      | Reached XP level 3. HP: 2/29 MP: 5/5
  2923 | D:2      | Noticed a phantom
  3175 | D:2      | Slain by an adder

Illustrated notes

Levels and vault maps discovered:
D:1:      lightli_arrival_statuegarden, layout_basic, serial_rivers,
          chequers_serial_rivers_marsh, chequers_serial_rivers_room_a,
          chequers_serial_rivers_room_b, chequers_serial_rivers_large_a
D:2:      layout_basic, basic_altar, serial_glass, glass_columns_b,
          glass_columns_c, due_unseen_surprise, item_on_display_a,
          minmay_strange_pillars, hellmonk_ecumenical_altar_blasted,
          palyth_stone_intersect

Skill      XL: |  1  2 |
---------------+-------+-----
Unarmed Combat | 3 |  3.6
Dodging        | 3 |  3.1
Fighting       | |  1.7
Throwing       | |  1.7
Stealth        | |  0.9

Action                   || total
-------------------------++-------
Melee: Dagger            ||   124
       Unarmed           ||    36
       Punch             ||     1
Throw: Throwing net      ||     3
       Dart              ||     5
  Use: Scroll            ||     4
       Potion            ||     3
 Stab: Held in net/web   ||     1
Armor: Leather armour    ||    56
Dodge: Dodged            ||    87
